cohdb
Replays
Latest Replays
All Replays
Popular Replays
Top Player Replays
Match Explorer
How It Works
Community
CoH3 Stats
Reddit
Sign in to upload your games and track your stats! →
Sign in with Steam
Match 44430936
Unlisted
Match 44430936
Overview
Messages
Build Orders
End
Construct Section Command Post
Vickers Machine Gun Team
Infantry Section
Infantry Section
ML 3-inch Mortar Team
Construct Platoon Command Post
CMP 15cwt Truck
Selects Heavy Armor Battlegroup
Selects Light Vehicle Withdraw and Refit
Humber Armored Car
Selects UNKNOWN (202330)
6-pounder Anti-tank Gun Team
Infantry Section
Construct Company Command Post
Royal Engineer Section
Selects Recon Artillery
Recon Artillery
Matilda II Heavy Tank
Selects Rigorous Vehicle Training
Selects Forward Repair Assembly
Recon Artillery
Matilda II Heavy Tank
Royal Engineer Section
Reshala
King2tiger
[AIMA] Dracklor
gUi
Inzanity
Caliph Al Nasser
Blitz_Gamer93
gAtoR45
0
0
Comments
sign in to comment!
No comments posted yet!